 Dungeon Crawl Stone Soup version 0.31-a0-590-g8a5a4361df (webtiles) character file.

Game seed: 17320593235918811020

14 Rohain the Ducker (level 2, 22/22 HPs)
             Began as a Demonspawn Gladiator on Aug 19, 2023.
             Got out of the dungeon alive.
             The game lasted 00:00:40 (253 turns).

Rohain the Ducker (Demonspawn Gladiator)             Turns: 253, Time: 00:00:40

Health: 22/22      AC:  9    Str: 14    XL:     2   Next: 31%
Magic:  2/2        EV:  7    Int:  9    God:
Gold:   20         SH:  0    Dex: 14    Spells: 1/1 levels left

rFire   . . .        a - +0 long sword
rCold   . . .        (no shield)
rNeg    . . .        f - +0 chain mail
rPois   .            c - +0 helmet
rElec   .            (no cloak)
rCorr   .            (no gloves)
SInv    .            (no boots)
Will    .....        (no amulet) Stlth
                     (no ring)
HPRegen 0.23/turn    (no ring)
MPRegen 0.08/turn

%: no passive effects
@: no status effects
A: demonic magic 1
a: no special abilities


You escaped.
You visited 1 branch of the dungeon, and saw 1 of its levels.

You collected 20 gold pieces.

Inventory:

Hand Weapons
 a - a +0 long sword (weapon)
Missiles
 d - 3 throwing nets (quivered)
 e - a javelin
Armour
 b - a +0 leather armour
 c - a +0 helmet (worn)
 f - a +0 chain mail (worn)
Scrolls
 h - a scroll of noise {unknown}
 i - a scroll of blinking {unknown}
Potions
 g - a potion of degeneration {unknown}


   Skills:
 + Level 2.2 Fighting
 + Level 2.8 Long Blades
 + Level 2.0 Throwing
 + Level 0.1 Armour
 + Level 2.9 Dodging


You had one spell level left.
You didn't know any spells.
Your spell library was empty.

Dungeon Overview and Level Annotations

Branches:
Dungeon (1/15)

Altars:


Innate Abilities, Weirdness & Mutations

Spells you cast may paralyse adjacent enemies.


Message History

You hit the rat but do no damage. The rat bites you but does no damage.
You hit the rat but do no damage. The rat bites you but does no damage.
You hit the rat but do no damage. The rat bites you.
The rat closely misses you.
You closely miss the rat. The rat barely misses you.
You hit the rat.
You kill the rat!
A goblin comes into view. It is wielding a +0 club.
You see here a rat corpse.
Things that are here:
a scroll labelled QEKIAT GUMOS; a rat corpse You barely miss the goblin.
The goblin hits you but does no damage.
You slash the goblin!
You kill the goblin!
A ball python and a bat come into view.
The ball python hisses angrily.
You see here a +0 club.
The bat hits you but does no damage. The bat hits you but does no damage.
Things that are here:
a scroll labelled QEKIAT GUMOS; a rat corpse You barely miss the bat.
The bat hits you but does no damage. x2
The ball python bites you but does no damage.
The ball python grabs you. The ball python constricts you.
You slash the ball python!
You kill the ball python!
The bat hits you but does no damage.
You slash the bat!
You kill the bat!
No target in view!
No target in view!
i - a scroll labelled QEKIAT GUMOS You see here a rat corpse.
You can't go up here!
What level of the Dungeon? (default 1, ? - help)
You see here a frilled lizard corpse.
You see here 4 stones.
There is an empty arch of ancient stone here.
There is a staircase leading out of the dungeon here.
You have escaped!

##♣♣### ###....~#
#.∩.....##
###∩#......##
##.........@.##
#.............#
#.....♣.......#
#............♣#
###............#
#.∩............#
###............#
##...........♣..#
#.......⌠..(...♣#


There were no monsters in sight!

Vanquished Creatures
  A giant cockroach (D:1)
  2 goblins (D:1)
  2 kobolds (D:1)
  3 ball pythons (D:1)
  2 bats (D:1)
  2 frilled lizards (D:1)
  2 rats (D:1)
14 creatures vanquished.

Notes
Turn   | Place    | Note
-------+----------+-------------------------------------------
     0 | D:1      | Rohain the Demonspawn Gladiator began the quest for the
                  | Orb.
     0 | D:1      | Reached XP level 1. HP: 16/16 MP: 1/1
   190 | D:1      | Gained mutation: Spells you cast may paralyse adjacent
                  | enemies. [demonic ancestry]
   190 | D:1      | Reached XP level 2. HP: 14/22 MP: 2/2
   253 | D:$      | Got out of the dungeon alive.

Illustrated notes

Levels and vault maps discovered:
D:1:      nzn_arrival_settlement, layout_loops_ring

Skill      XL: |  1 |
---------------+----+-----
Throwing       | 2 |  2.0
Fighting       | |  2.2
Long Blades    | |  2.8
Armour         | |  0.1
Dodging        | |  2.9

Action                     || total
---------------------------++-------
  Melee: Long sword        ||    40
 Armour: Chain mail        ||    41
         Leather armour    ||     1
  Dodge: Dodged            ||    21

Table legend: (Time is in decaauts)
 A = Elapsed time spent in this place.
 B = Non-inter-level travel time spent in this place.
 C = Inter-level travel time spent in this place.
 D = Time resting spent in this place.
 E = Time spent auto-exploring this place.
 F = Levels seen in this place.
 G = Mean time per level.
                   A        B        C        D        E       F      G
               +--------+--------+--------+--------+--------+-----+--------+
         Total |    262 |    224 |     38 |      0 |    108 |   1 |  262.0 |
       Dungeon |    262 |    224 |     38 |      0 |    108 |   1 |  262.0 |
               +--------+--------+--------+--------+--------+-----+--------+

Top non-repeatable levels by time:
     D:1: 262 daAuts
